 Dungeon Crawl Stone Soup version 0.30-a0-799-g109b55a442 (webtiles) character file.

Game seed: 18139516766639213552

3172 Pimp the Insei (level 9, -1/62 HPs)
             Began as an Octopode Transmuter on Feb 21, 2023.
             Engulfed by a steam dragon's steam (4 damage)
             ... on level 7 of the Dungeon.
             The game lasted 00:20:21 (8481 turns).

Pimp the Insei (Octopode Transmuter)                Turns: 8481, Time: 00:20:22

Health: -1/62      AC: 12    Str: 10    XL:     9   Next: 94%
Magic:  15/17      EV: 19    Int: 21    God:
Gold:   360        SH: 10    Dex: 18    Spells: 13/19 levels left

rFire   . . .      SeeInvis .    e - +4 dagger (protect)
rCold   . . .      Faith    .    I - +2 kite shield
rNeg    + . .      Spirit   .    (helmet currently unavailable)
rPois   .          Reflect  .    (no amulet)
rElec   .          Harm     .    n - ring of protection from fire
rCorr   .          Rampage  .    v - ring of flight
Will    .....                    B - +5 ring of evasion
Stlth   +++                      H - ring of positive energy
HPRegen 0.30/turn                c - ring "Jod Yhuc" {rF- AC+4 Int+4 Dex+4}
MPRegen 0.15/turn                (no ring)
                                 (no ring)
                                 (no ring)

@: about to teleport, appendages, wereblooded, under a protective aura, flying
A: tentacle spike 3, almost no armour, amphibious, 8 rings, camouflage 1,
gelatinous body 1, (nimble swimmer 1), tentacles
a: End Transformation


You were on level 7 of the Dungeon.
One of your tentacles had grown a beastly spike.
You visited 2 branches of the dungeon, and saw 8 of its levels.

You collected 555 gold pieces.
You spent 195 gold pieces at shops.

Inventory:

Hand Weapons
 b - a +0 falchion
 e - a +4 dagger of protection (weapon)
 y - a +0 trident of protection
Missiles
 f - 7 boomerangs (quivered)
 k - 6 poisoned darts
 o - 2 atropa-tipped darts
 u - 4 curare-tipped darts
Armour
 r - a +1 hat (melded)
 I - a +2 kite shield (worn)
Jewellery
 c - the ring "Jod Yhuc" (on tentacle) {rF- AC+4 Int+4 Dex+4}
   (You acquired it on level 6 of the Dungeon)

   [ring of protection]

   AC:        It affects your AC (+4).
   Int:       It affects your intelligence (+4).
   Dex:       It affects your dexterity (+4).
   rF:        It makes you vulnerable to fire.
 n - a ring of protection from fire (left tentacle)
 v - a ring of flight (right tentacle)
 B - a +5 ring of evasion (on tentacle)
 H - a ring of positive energy (on tentacle)
Wands
 d - a wand of polymorph (13)
 l - a wand of charming (8)
 D - a wand of roots (5)
 F - a wand of flame (41)
Scrolls
 a - a scroll of noise {unknown}
 h - a scroll of enchant armour
 j - a scroll of amnesia
 m - 2 scrolls of fog
 q - a scroll of brand weapon
 s - a scroll of butterflies
 t - a scroll of enchant weapon
 w - 4 scrolls of teleportation
 E - a scroll of vulnerability {unknown}
Potions
 g - 4 potions of curing
 i - a potion of berserk rage {unknown}
 p - 3 potions of might


   Skills:
 + Level 6.0 Fighting
 + Level 0.5 Short Blades
 + Level 6.3 Dodging
 + Level 1.0 Stealth
 + Level 0.4 Shields
 + Level 6.6 Unarmed Combat
 + Level 5.8 Spellcasting
 + Level 6.3 Transmutations
 + Level 0.5 Evocations


You had 13 spell levels left.
You knew the following spells:

 Your Spells              Type           Power      Damage    Failure   Level
a - Beastly Appendage     Tmut           64%        N/A       2%          1
b - Wereblood             Tmut           32%        N/A       4%          2
c - Spider Form           Tmut/Pois      19%        N/A       28%         3

Your spell library contained the following spells:

 Spells                   Type           Power      Damage    Failure   Level
 Ensorcelled Hibernation  Hex/Ice        12%        N/A       47%         2
 Static Discharge         Conj/Air       12%        2-3/arc   47%         2
 Ice Form                 Ice/Tmut       19%        N/A       67%         4
 Frozen Ramparts          Ice            12%        1d2       71%         3
 Vhi's Electric Charge    Tloc/Air       12%        N/A       71%         3
 Anguish                  Hex/Necr       3%         N/A       98%         4
 Summon Ice Beast         Ice/Summ       6%         N/A       98%         4
 Arcjolt                  Conj/Air       3%         1d13      100%        5
 Lightning Bolt           Conj/Air       3%         1d14      100%        5


Dungeon Overview and Level Annotations

Branches:
Dungeon (7/15)             Temple (1/1) D:7

Altars:
Cheibriados
Dithmenos
Elyvilon
Fedhas
Gozag
Kikubaaqudgha
Nemelex Xobeh
Qazlal
Ru
Sif Muna
Trog
Uskayaw
Wu Jian
Xom
The Shining One

Shops:
D:6 [   D:7 *


Innate Abilities, Weirdness & Mutations

One of your tentacles has grown a beastly spike.
You cannot wear most types of armour.
You are amphibious.
You can wear up to eight rings at the same time.
Your skin changes colour to match your surroundings (Stealth+).
Your rubbery body absorbs attacks. (AC +1, EV +1)
((You are camouflaged when in or above water. (Stealth+)))
You have tentacles for arms and can constrict up to eight enemies at once.


Message History

Casting: Beastly Appendage (safe; 2% risk of failure)
Confirm with . or Enter, or press ? or * to list all spells.
Your blood is infused with primal strength.
You are engulfed in a cloud of scalding steam.
The steam dragon bites you but does no damage.
You block the steam dragon's attack.
Unknown command.
You hit the steam dragon. Your squeeze misses the steam dragon.
The steam dragon is moderately wounded.
You are engulfed in a cloud of scalding steam.
The steam dragon breathes steam at you.
The ball of steam hits you but does no damage.
You hit the steam dragon.
You pierce the steam dragon, but do no damage.
The steam dragon is heavily wounded.
You are engulfed in a cloud of scalding steam.
The steam dragon closely misses you. The steam dragon misses you.
You barely miss the steam dragon. Your squeeze misses the steam dragon.
The steam dragon is heavily wounded.
You are engulfed in a cloud of scalding steam.
The steam dragon bites you. The steam dragon misses you.
You barely miss the steam dragon.
You pierce the steam dragon.
The steam dragon is heavily wounded.
You block the steam dragon's attack. The steam dragon misses you. x2
You block the steam dragon's attack.
You hit the steam dragon but do no damage.
Your tentacle spike misses the steam dragon.
The steam dragon is heavily wounded.
You are engulfed in a cloud of scalding steam.
You block the steam dragon's attack. x2
You hit the steam dragon.
Your tentacle spike misses the steam dragon.
The steam dragon is severely wounded.
The steam dragon breathes steam at you. The ball of steam hits you!!
* * * LOW HITPOINT WARNING * * *
As you read the scroll of teleportation, it crumbles to dust.
You feel strangely unstable.
You are engulfed in a cloud of scalding steam.
You die...

.........###........#.......##..#
.........# #.................####
#.....#######................#
##.........##...............##
...#.......##..............##
......#...##...............#
..#...#..###..............##
#.######## #.§.§........### ###
#.§.§@D...#### ##§......##
#...#.### #####.# ###


You could see a steam dragon (catching breath).

Vanquished Creatures
  Pikel (D:4)
  Joseph (D:7)
  3 water moccasins
  2 ice beasts
  3 black bears
  An ogre (D:6)
  4 lemures (D:4)
  2 phantoms
  3 bullfrogs
  5 scorpions
  A howler monkey (D:4)
  6 hounds
  2 jellies
  3 orc priests
  A gnoll bouda (D:4)
  4 iguanas
  Natasha (thrice) (D:3)
  5 orc wizards
  5 gnolls (D:4)
  4 adders
  2 shadow imps
  An ufetubus (D:5)
  3 worms
  A dart slug (D:3)
  14 orcs
  8 ball pythons
  7 bats
  11 endoplasms
  4 giant cockroaches
  7 goblins
  11 hobgoblins
  3 quokkas
  4 frilled lizards
  5 kobolds (D:1)
  5 rats
145 creatures vanquished.

Vanquished Creatures (others)
  3 fungi (D:7)
  2 toadstools (D:7)
5 creatures vanquished.

Grand Total: 150 creatures vanquished

Notes
Turn   | Place    | Note
-------+----------+-------------------------------------------
     0 | D:1      | Pimp the Octopode Transmuter began the quest for the Orb.
     0 | D:1      | Reached XP level 1. HP: 13/13 MP: 3/3
   122 | D:1      | Reached XP level 2. HP: 12/18 MP: 5/5
   286 | D:1      | Learned a level 2 spell: Wereblood
   754 | D:1      | Reached XP level 3. HP: 23/23 MP: 6/6
  1604 | D:2      | Reached XP level 4. HP: 27/29 MP: 7/7
  2274 | D:3      | Noticed Natasha
  2289 | D:3      | Killed Natasha
  2292 | D:3      | Found a glowing golden altar of the Shining One.
  2354 | D:3      | Reached XP level 5. HP: 32/34 MP: 7/9
  2724 | D:3      | Noticed Natasha
  2732 | D:3      | Killed Natasha
  3186 | D:3      | Noticed Natasha
  3190 | D:3      | Killed Natasha
  3191 | D:3      | Reached XP level 6. HP: 33/41 MP: 10/10
  3714 | D:4      | Found a snail-covered altar of Cheibriados.
  4121 | D:4      | Noticed a black bear
  4128 | D:4      | Killed a black bear
  4129 | D:4      | Reached XP level 7. HP: 35/46 MP: 12/12
  4282 | D:4      | Noticed Pikel
  4491 | D:4      | Killed Pikel
  4492 | D:4      | Reached skill level 5 in Unarmed Combat
  4492 | D:4      | Reached XP level 8. HP: 38/54 MP: 12/14
  4617 | D:4      | Found an opulent altar of Gozag.
  4887 | D:4      | Found an ancient bone altar of Kikubaaqudgha.
  4914 | D:5      | Entered Level 5 of the Dungeon
  5194 | D:5      | Reached skill level 5 in Dodging
  5194 | D:5      | Reached skill level 5 in Transmutations
  5762 | D:5      | Reached XP level 9. HP: 50/60 MP: 16/16
  5864 | D:5      | Reached skill level 5 in Fighting
  5864 | D:5      | Reached skill level 5 in Spellcasting
  6225 | D:5      | Found a sacrificial altar of Ru.
  6955 | D:6      | Found a sparkling altar of Nemelex Xobeh.
  7010 | D:6      | Found Jyir Wio's Antique Armour Boutique.
  7064 | D:6      | Bought a glowing kite shield for 195 gold pieces
  7412 | D:6      | Identified a scroll of acquirement
  7412 | D:6      | Acquired the ring "Jod Yhuc" {rF- AC+4 Int+4 Dex+4}
  7542 | D:7      | Noticed Joseph
  7601 | D:7      | Found a staircase to the Ecumenical Temple.
  7614 | Temple   | Entered the Ecumenical Temple
  7983 | D:7      | Killed Joseph
  8145 | D:6      | Learned a level 3 spell: Spider Form
  8360 | D:7      | Reached skill level 1 in Stealth
  8383 | D:7      | Found Piuliaq's CLEARANCE SALE!.
  8480 | D:7      | HP: 3/62 [steam dragon/ball of steam (19)]
  8481 | D:7      | Engulfed by a steam dragon's steam

Illustrated notes

Levels and vault maps discovered:
D:1:      saegor_arrival_simple_d, layout_loops_corners
D:2:      layout_rooms
D:3:      layout_basic, lemuel_crystal_altar, minivault_27,
          corexii_leaking_fountain, interstate_on_off, minivault_11,
          uniq_natasha
D:4:      layout_loops_ring, mainiacjoe_overflow_large_starburst,
          cheibrodos_worm_habitat, nicolae_titane, uniq_pikel
D:5:      layout_loops_ring, kennysheep_little_box, minmay_bent
D:6:      layout_basic, nemelex_xobeh_ov_fountains_minmay, serial_shops,
          nicolae_square_shop
D:7:      layout_cave_pools, minmay_temple_entry_drinking_statues,
          minmay_gold_behind_fungi, nicolae_shop_clearance, uniq_joseph
Temple:   grunt_temple_mini_profane

Skill      XL: |  1  2  3  4  5  6  7  8  9 |
---------------+----------------------------+-----
Fighting       | 2 3 4 6 |  6.0
Transmutations | 3 4 5 6 |  6.3
Dodging        | 3 4 5 6 |  6.3
Spellcasting   | 3 4 5 |  5.8
Unarmed Combat | 4 5 6 |  6.6
Stealth        | 1 |  1.0
Short Blades   | |  0.5
Shields        | |  0.4
Evocations     | |  0.5

Action                     |  1- 3 |  4- 6 |  7- 9 || total
---------------------------+-------+-------+-------++-------
  Melee: Unarmed           |     9 |       |     4 ||    13
         Falchion          |    33 |       |       ||    33
         Constrict         |    21 |    36 |    46 ||   103
         Tentacles         |    15 |    42 |    88 ||   145
         Dagger            |    59 |   156 |   245 ||   460
         Punch             |     4 |     7 |    17 ||    28
         Kick              |     1 |     6 |     9 ||    16
  Throw: Dart              |       |     2 |     2 ||     4
         Boomerang         |       |       |     6 ||     6
   Cast: Beastly Appendage |     1 |     3 |     4 ||     8
         Wereblood         |       |     1 |     2 ||     3
  Evoke: Wand              |       |       |     1 ||     1
    Use: Potion            |       |     6 |     2 ||     8
         Scroll            |       |       |    16 ||    16
   Stab: Sleeping          |    13 |     6 |     2 ||    21
 Armour: Skin              |    14 |    34 |    60 ||   108
  Dodge: Dodged            |    73 |   101 |   169 ||   343
  Block: Kite shield       |       |       |    39 ||    39

Table legend: (Time is in decaauts)
 A = Elapsed time spent in this place.
 B = Non-inter-level travel time spent in this place.
 C = Inter-level travel time spent in this place.
 D = Time resting spent in this place.
 E = Time spent auto-exploring this place.
 F = Levels seen in this place.
 G = Mean time per level.
                   A        B        C        D        E       F      G
               +--------+--------+--------+--------+--------+-----+--------+
         Total |   8529 |   8226 |    303 |   1907 |   4560 |   8 | 1066.1 |
       Dungeon |   8255 |   8036 |    219 |   1907 |   4379 |   7 | 1179.3 |
        Temple |    273 |    189 |     84 |      0 |    181 |   1 |  273.0 |
               +--------+--------+--------+--------+--------+-----+--------+

Top non-repeatable levels by time:
     D:4: 1578 daAuts
     D:5: 1425 daAuts
     D:6: 1395 daAuts
     D:3: 1291 daAuts
     D:1: 1281 daAuts
     D:2: 798 daAuts
     D:7: 484 daAuts
  Temple: 273 daAuts
